cohdb
Replays
Latest Replays
All Replays
Popular Replays
Top Player Replays
Match Explorer
How It Works
Community
CoH3 Stats
Reddit
Sign in to upload your games and track your stats! →
Sign in with Steam
Match 45412763
Unlisted
Match 45412763
Overview
Messages
Build Orders
End
Royal Engineer Section
Royal Engineer Section
Selects Canadian Shock Battlegroup
Construct Section Command Post
Infantry Section
Infantry Section
Vickers Machine Gun Team
Selects Attacking Spirit
Selects Canadian Shock Section
Construct Platoon Command Post
Humber Armored Car
Grenade Package
Unlock Bishop Self-propelled Artillery
Construct Field Infirmary
Selects Incendiary Munitions
Bishop Self-propelled Artillery
Unlock M3 Stuart Light Tanks
M3 Stuart Light Tank
Selects Point Assault
Canadian Shock Section
Construct Company Command Post
Crusader II Medium Tank
Crusader II Medium Tank
Matilda II Heavy Tank
matjouz
Karl3X
0
0
Comments
sign in to comment!
No comments posted yet!